 Dungeon Crawl Stone Soup version 0.25-a0-1130-g3926558f3a (webtiles) character file.

Game seed: 13921645498405074687, levelgen mode: deterministic

163 kae the Skirmisher (level 5, -5/42 HPs)
             Began as a Formicid Abyssal Knight on May 19, 2020.
             Was a Believer of Lugonu.
             Splashed by a jelly's acid (9 damage)
             ... on level 2 of the Dungeon.
             The game lasted 00:01:55 (2325 turns).

kae the Skirmisher (Formicid Abyssal Knight)        Turns: 2325, Time: 00:01:56

Health: -5/42      AC: -12   Str: 18    XL:     5   Next: 72%
Magic:  7/7        EV: 11    Int: 11    God:    Lugonu [**....]
Gold:   79         SH:  0    Dex: 10    Spells: 4/4 levels left

rFire    . . .     SeeInvis +   a - +2 falchion
rCold    . . .     Gourm    .   (no shield)
rNeg     . . .     Faith    .   b - +0 leather armour
rPois    .         Spirit   .   (helmet unavailable)
rElec    .         Reflect  .   (no cloak)
rCorr    .         Harm     .   (no gloves)
MR       .....                  (no boots)
Stlth    ..........             (no amulet)
HPRegen  0.14/turn              (no ring)
MPRegen  0.10/turn              (no ring)

@: confused, corroded
A: permanent stasis, dig shafts and tunnels, four strong arms, antennae 3
a: Dig, Shaft Self, Depart the Abyss, Bend Space, Renounce Religion


You were on level 2 of the Dungeon.
You worshipped Lugonu.
Lugonu was pleased with you.
You were hungry.

You visited 1 branch of the dungeon, and saw 2 of its levels.
You visited the Abyss 1 time.

You collected 79 gold pieces.

Inventory:

Hand Weapons
 a - a +2 falchion (weapon)
Armour
 b - a +0 leather armour (worn)
Jewellery
 i - an uncursed ring of stealth {unknown}
Scrolls
 e - a scroll of identify
 h - 3 scrolls of teleportation {unknown}
Potions
 f - 2 potions of lignification
 g - a potion of flight {unknown}
 j - a potion of invisibility {unknown}
 l - a potion of cancellation {unknown}
Comestibles
 c - 4 rations


   Skills:
 + Level 4.2 Fighting
 * Level 4.1 Long Blades
 - Level 2.1 Armour
 - Level 0.8 Dodging
 + Level 3.6 Invocations


You had 4 spell levels left.
You didn't know any spells.
Your spell library was empty.

Dungeon Overview and Level Annotations

Branches:
Dungeon (2/15)

Altars:


Innate Abilities, Weirdness & Mutations

You cannot be hasted, slowed, berserked, paralysed or teleported.
You can dig through walls and to a lower floor.
Your four strong arms can wield two-handed weapons with a shield.
You have a pair of large antennae on your head. (SInv)


Message History

You barely miss the jelly.
The jelly is heavily wounded.
You feel less invigorated.
You feel less confused. The jelly misses you.
You riposte.
You hit the jelly but do no damage.
The jelly is heavily wounded.
You are confused.
You feel invigorated. The jelly hits you.
You are splashed with acid!
* * * LOW HITPOINT WARNING * * *
You hit the jelly. The acid corrodes you!
Your hands burn!
* * * LOW HITPOINT WARNING * * *
The jelly is severely wounded.
The jelly hits you.
* * * LOW HITPOINT WARNING * * *
You are splashed with acid.
* * * LOW HITPOINT WARNING * * *
You bump into the rock wall.
The jelly hits you.
* * * LOW HITPOINT WARNING * * *
The acid corrodes you!
You are splashed with acid!
You die...

#.#
##÷''####.##
#. ##.(.##
###
##.÷)).##
#.......#
#.......# #
#.......# #
#.......# #
####....#
##..J@...#
#.########
##....{.##
#######{#
÷...J{..J#
........J#
÷÷...÷.÷.#
.P.P.....#
.P.P..÷..# {


You could see a jelly.

Vanquished Creatures
  2 jellies (D:2)
  An adder (D:2)
  7 oozes
  A worm (D:2)
  3 dart slugs
  2 leopard geckos
  3 giant cockroaches
  3 goblins
  9 hobgoblins
  4 bats (D:1)
  3 frilled lizards
  13 kobolds
  9 rats
60 creatures vanquished.

Vanquished Creatures (others)
  A fungus (D:2)
  7 toadstools (D:2)
8 creatures vanquished.

Grand Total: 68 creatures vanquished

Notes
Turn   | Place    | Note
-------+----------+-------------------------------------------
     0 | Abyss:1  | kae the Formicid Abyssal Knight began the quest for the
                  | Orb.
     0 | Abyss:1  | Reached XP level 1. HP: 18/18 MP: 2/2
    51 | Abyss:1  | Noticed an iron imp
    87 | Abyss:1  | Noticed a large abomination
   102 | Abyss:1  | Noticed a tentacled starspawn
   104 | D:1      | Escaped the Abyss
   173 | D:1      | Reached XP level 2. HP: 21/24 MP: 3/3
   408 | D:1      | Reached * piety under Lugonu
   498 | D:1      | Reached XP level 3. HP: 25/29 MP: 4/4
  1554 | D:2      | Reached XP level 4. HP: 37/37 MP: 6/6
  1969 | D:2      | Reached ** piety under Lugonu
  2229 | D:2      | Reached XP level 5. HP: 42/42 MP: 7/7
  2315 | D:2      | HP: 1/42 [acid (10)]
  2325 | D:2      | Splashed by a jelly's acid

Illustrated notes

Levels and vault maps discovered:
D:1:      lightli_arrival_statue_moat, layout_loops_ring
D:2:      cheibrodos_fertilizer, layout_loops_ring

Skill      XL: |  1  2  3  4  5 |
---------------+----------------+-----
Long Blades    | 3 4 |  4.1
Invocations    | 3 |  3.6
Fighting       | 4 |  4.2
Armour         | |  2.1
Dodging        | |  0.8

Action                   |  1- 3 |  4- 6 || total
-------------------------+-------+-------++-------
Melee: Falchion          |    73 |    83 ||   156
Invok: Depart the Abyss  |     1 |       ||     1
  Use: Scroll            |     5 |       ||     5
       Potion            |       |     3 ||     3
 Stab: Distracted        |       |     1 ||     1
  Eat: Chunk             |     1 |     3 ||     4
Armor: Leather armour    |    23 |    13 ||    36
       Skin              |       |    14 ||    14
Dodge: Dodged            |    47 |    50 ||    97
       Rpst.: Falchion   |    16 |    16 ||    32

Table legend:
 A = Non-vault XP
 B = Vault XP
 C = Vault XP percentage of total XP
 D = Non-vault monster count
 E = Vault monster count
 F = Vault count percentage of total count
                 A         B        C        D         E       F
            +---------+---------+-------+---------+---------+-------
      Total |     106 |     127 |  54.5 |      47 |      13 |  21.7
            +---------+---------+-------+---------+---------+-------
        D:1 |      63 |       0 |   0.0 |      30 |       0 |   0.0
        D:2 |      43 |     127 |  74.7 |      17 |      13 |  43.3
            +---------+---------+-------+---------+---------+-------
